 Dungeon Crawl Stone Soup version 0.31-a0-986-g5e6e4ef867 (webtiles) character file.

Game seed: 16724325952808771808

119 timneilson the Ruffian (level 5, 0/35 HPs)
             Began as an Octopode Shapeshifter on Nov 12, 2023.
             Splashed by a jelly's acid (11 damage)
             ... on level 3 of the Dungeon.
             The game lasted 00:03:07 (1874 turns).

timneilson the Ruffian (Octopode Shapeshifter)      Turns: 1874, Time: 00:03:08

Health: 0/35       AC: -7    Str: 15    XL:     5   Next: 3%
Magic:  5/6        EV: 14    Int: 13    God:
Gold:   60         SH:  0    Dex: 17    Spells: 5/5 levels left

rFire   . .          .
                       - Unarmed
rCold   . . .        (no shield)
rNeg    . . .        (helmet currently unavailable)
rPois   .            (no amulet)
rElec   .            e - +6 ring of dexterity
rCorr   .            (no ring)
SInv    .            (no ring)
Will    .....        (no ring)
Stlth   +++          (no ring)
HPRegen 0.25/turn    (no ring)
MPRegen 0.10/turn    (no ring)
                     (no ring)

%: no passive effects
@: beast-form, corroded
A: beast (slay +1), almost no armour, amphibious, 8 rings, camouflage 1,
gelatinous body 1, (nimble swimmer 1), tentacles
a: Begin Untransformation


You were on level 3 of the Dungeon.
You were a hulking beast.
You visited 1 branch of the dungeon, and saw 3 of its levels.

You collected 60 gold pieces.

Inventory:

Jewellery
 e - a +6 ring of dexterity (left tentacle)
 g - a ring of ice
Talismans
 b - a beast talisman
 c - a flux talisman
Scrolls
 l - a scroll of teleportation
Potions
 a - a potion of lignification
 d - 3 potions of curing
 f - a potion of resistance {unknown}
 h - a potion of mutation {unknown}
 i - a potion of enlightenment {unknown}
 j - a potion of heal wounds {unknown}
 k - a potion of ambrosia {unknown}


   Skills:
 * Level 2.3 Fighting
 * Level 2.9 Dodging
 + Level 1.7 Stealth
 * Level 3.5 Unarmed Combat
 + Level 0.7 Spellcasting
 * Level 3.4 Shapeshifting


You had 5 spell levels left.
You didn't know any spells.
Your spell library was empty.

Dungeon Overview and Level Annotations

Branches:
Dungeon (3/15)

Altars:
Elyvilon
Fedhas
Gozag
Zin
The Shining One


Innate Abilities, Weirdness & Mutations

You are a hulking beast.
Your limbs bulge with bestial killing power. (Slay +1)
You cannot wear most types of armour.
You are amphibious.
You can wear up to eight rings at the same time.
Your skin changes colour to match your surroundings (Stealth+).
Your rubbery body absorbs attacks. (AC +1, EV +1)
((You are camouflaged when in or above water. (Stealth+)))
You have tentacles for arms and can constrict up to eight enemies at once.


Message History

You start resting.
HP restored.
Things that are here:
a +0 short sword; 4 stones
There is an open door here.
The endoplasm quivers.
The jelly quivers.
You see here a rat skeleton.
The helpless endoplasm fails to defend itself.
You tentacle-slap the endoplasm. You squeeze the endoplasm.
You kill the endoplasm!
There is an open door here.
Things that are here:
a +0 short sword; 4 stones You bludgeon the jelly!
Your tentacles burn!
Your squeeze misses the jelly.
The jelly is heavily wounded.
You tentacle-slap the jelly.
Your tentacles burn!
The jelly is severely wounded.
The jelly hits you.
You are splashed with acid.
You tentacle-slap the jelly. The acid corrodes you!
Your tentacles burn!
The jelly is almost dead.
The jelly closely misses you.
You tentacle-slap the jelly.
You kill the jelly!
You have reached level 5!
You feel clever.
There is an open door here.
You close the door.
You hear a slurping noise.
The jelly eats the door!
The jelly barely misses you. The jelly attacks as it pursues you!
The jelly closely misses you.
You are no longer corroded.
The jelly attacks as it pursues you! The jelly hits you. The acid corrodes you!
You are splashed with acid.
The jelly attacks as it pursues you! The jelly hits you. The acid corrodes you!
You are splashed with acid.
The jelly attacks as it pursues you! The jelly misses you.
The jelly attacks as it pursues you! The jelly hits you.
You are splashed with acid!
You die...

##..########
#.#..#
#.###.## #.
#..# #
##.###
#...###
#.....#
##'')##
##)h)##
##..J..##
#.......#
#.......#
#.......#
#.......#
#....####
#.......##
########.#


You could see a jelly.

Vanquished Creatures
  A jelly (D:3)
  3 adders (D:2)
  A worm (D:2)
  2 dart slugs (D:1)
  9 endoplasms
  2 giant cockroaches (D:1)
  3 goblins
  4 hobgoblins
  2 quokkas (D:1)
  4 ball pythons
  6 bats
  13 kobolds
  3 rats
53 creatures vanquished.

Notes
Turn   | Place    | Note
-------+----------+-------------------------------------------
     0 | D:1      | timneilson the Octopode Shapeshifter began the quest for
                  | the Orb.
     0 | D:1      | Reached XP level 1. HP: 13/13 MP: 1/1
    32 | D:1      | Reached XP level 2. HP: 15/18 MP: 2/2
   522 | D:1      | Reached XP level 3. HP: 22/23 MP: 3/3
   929 | D:1      | Reached skill level 1 in Stealth
  1233 | D:2      | Reached XP level 4. HP: 26/29 MP: 4/4
  1811 | D:3      | Found a glowing golden altar of the Shining One.
  1811 | D:3      | Found a blossoming altar of Fedhas.
  1811 | D:3      | Found a blossoming altar of Fedhas.
  1811 | D:3      | Found a white marble altar of Elyvilon.
  1811 | D:3      | Found an opulent altar of Gozag.
  1811 | D:3      | Found a glowing silver altar of Zin.
  1858 | D:3      | Reached XP level 5. HP: 22/35 MP: 4/6
  1874 | D:3      | Splashed by a jelly's acid

Illustrated notes

Levels and vault maps discovered:
D:1:      dpeg_arrival_shrine, layout_basic, serial_curves, eino_curves_02,
          eino_curves_03, minmay_vboxes
D:2:      layout_rooms, nicolae_twisty_statue_hallways
D:3:      cheibrodos_fertilizer, layout_loops_ring, overflow_temple_1_default

Skill      XL: |  1  2  3  4 |
---------------+-------------+-----
Stealth        | 1 |  1.7
Fighting       | 2 |  2.3
Dodging        | |  2.9
Unarmed Combat | |  3.5
Spellcasting   | |  0.7
Shapeshifting  | |  3.4

Action                     |  1- 3 |  4- 6 || total
---------------------------+-------+-------++-------
  Melee: Unarmed           |    56 |    38 ||    94
         Constrict         |    14 |     8 ||    22
         Tentacles         |     8 |     9 ||    17
         Punch             |     4 |     1 ||     5
    Use: Scroll            |     2 |     1 ||     3
         Potion            |       |     1 ||     1
   Stab: Sleeping          |     8 |     5 ||    13
 Armour: Skin              |    19 |    21 ||    40
  Dodge: Dodged            |    29 |    20 ||    49

Table legend: (Time is in decaauts)
 A = Elapsed time spent in this place.
 B = Non-inter-level travel time spent in this place.
 C = Inter-level travel time spent in this place.
 D = Time resting spent in this place.
 E = Time spent auto-exploring this place.
 F = Levels seen in this place.
 G = Mean time per level.
                   A        B        C        D        E       F      G
               +--------+--------+--------+--------+--------+-----+--------+
         Total |   1867 |   1797 |     70 |     79 |   1314 |   3 |  622.3 |
       Dungeon |   1867 |   1797 |     70 |     79 |   1314 |   3 |  622.3 |
               +--------+--------+--------+--------+--------+-----+--------+

Top non-repeatable levels by time:
     D:1: 980 daAuts
     D:2: 709 daAuts
     D:3: 176 daAuts
